 Dungeon Crawl Stone Soup version 0.17-a0-1945-gfe993df (webtiles) character file.

64 HungrySpirit the Shooter (level 3, 0/29 HPs)
             Began as a Centaur Arcane Marksman on Sept 30, 2015.
             Slain by Sigmund
             ... wielding a +0 scythe
              (7 damage)
             ... on level 2 of the Dungeon.
             The game lasted 00:02:41 (1932 turns).

HungrySpirit the Shooter (Centaur Arcane Marksman)  Turns: 1932, Time: 00:02:41

Health: 0/29       AC:  6    Str: 13    XL:     3   Next: 91%
Magic:  4/4        EV:  7    Int: 12    God:
Gold:   65         SH:  0    Dex:  9    Spells: 1 memorised, 3 levels left

rFire  . . .     SeeInvis .     a - +0 shortbow
rCold  . . .     Clarity  .     j - +0 scale mail
rNeg   . . .     SustAt   .     (no shield)
rPois  .         Gourm    .     (no helmet)
rElec  .         Spirit   .     (no cloak)
rCorr  .         Warding  .     (no gloves)
rMut   .         Stasis   .     (no barding)
MR     .....                    (no amulet)
Stlth  ..........               (no ring)
                                (no ring)

@: confused, very quick, not resistant to hostile enchantments, extremely
unstealthy
A: hooves 3, deformed body, speed 2, tough skin 3
a: no special abilities


You were on level 2 of the Dungeon.
You were not hungry.

You visited 1 branch of the dungeon, and saw 2 of its levels.

You collected 65 gold pieces.

Inventory:

Hand weapons
 a - a +0 shortbow (weapon)
 g - a +0 short sword
Missiles
 b - 3 arrows (quivered)
Armour
 j - a +0 scale mail (worn)
Scrolls
 f - a scroll of noise {unknown}
 h - 3 scrolls of teleportation {unknown}
 i - a scroll of fear {unknown}
 l - 2 scrolls of identify {unknown}
 o - a scroll of magic mapping {unknown}
 p - a scroll of recharging {unknown}
 r - a scroll of enchant armour {unknown}
 s - a scroll of immolation {unknown}
Potions
 k - a potion of cure mutation {unknown}
 q - a potion of agility {unknown}
Books
 d - a book of Debilitation

   Spells                             Type                      Level
   a - Corona                         Hexes                        1
   b - Slow                           Hexes                        2
   c - Gell's Gravitas                Hexes/Translocation          3
   d - Inner Flame                    Hexes/Fire                   3
   e - Cause Fear                     Hexes                        4
   f - Leda's Liquefaction            Hexes/Earth                  4
Comestibles
 c - a beef jerky
 e - 2 bread rations
 m - a chunk of flesh
 n - a meat ration


   Skills:
 + Level 2.2 Fighting
 * Level 4.9 Bows
 - Level 1.3 Dodging
 - Level 1.0 Spellcasting
 - Level 2.6 Hexes


You had 3 spell levels left.
You knew the following spells:

 Your Spells              Type           Power        Failure   Level  Hunger
a - Corona                Hex            #......      63%         1    ##.....


Dungeon Overview and Level Annotations

Branches:
Dungeon (2/15)

Altars:

Annotations:
D:2 Sigmund


Innate Abilities, Weirdness & Mutations

You have hooves in place of feet.
Armour fits poorly on your strangely shaped body.
You cover ground very quickly.
You have extremely tough skin (AC +3).


Message History

Sigmund hits you from afar with a scythe!
Firing (i - inventory):
b - 6 arrows (quivered)
Press: ? - help, Shift-Dir - straight line, f/p - Sigmund
Aim: Sigmund, wielding a scythe and wearing a robe (almost dead)
You shoot an arrow. The arrow barely misses Sigmund.
Sigmund gestures at you while chanting.
You are confused.
Firing (i - inventory):
b - 5 arrows (quivered)
Press: ? - help, Shift-Dir - straight line, f/p - Sigmund
Aim: Sigmund, wielding a scythe and wearing a robe (almost dead)
You shoot an arrow. Sigmund casts a spell at you. The puff of flame hits you!
* * * LOW HITPOINT WARNING * * *
Firing (i - inventory):
b - 4 arrows (quivered)
Press: ? - help, Shift-Dir - straight line, f/p - Sigmund
Aim: Sigmund, wielding a scythe and wearing a robe (almost dead)
You shoot an arrow.
Sigmund hits you from afar with a scythe!
You die...

#####.....# #.....#.#####
.......#### #..#..#.#
######## ### #..#...)# ..#
#..#....##### #.#
#..#....##... #.#
#..#...>##.## #.#
#..#....##.#
#######.##########..##.#.##.#
......((..(@.@......##.#....#
######.##########.###.#######
#.# #.# #........ #.# #.#
######### #.# #.# #.# #.# #.#
#.# #.##########.#
#............#


You could see Sigmund.

Vanquished Creatures
  Jessica (D:2)
  A worm (D:2)
  A giant gecko (D:1)
  3 giant cockroaches
  5 hobgoblins (D:1)
  5 bats (D:1)
  A giant newt (D:1)
  4 goblins (D:1)
  6 kobolds
  10 rats
37 creatures vanquished.

Notes
Turn   | Place    | Note
--------------------------------------------------------------
     0 | D:1      | HungrySpirit the Centaur Arcane Marksman began the quest for the Orb.
     0 | D:1      | Reached XP level 1. HP: 16/16 MP: 2/2
   361 | D:1      | Reached skill level 3 in Bows
   545 | D:1      | Reached XP level 2. HP: 20/23 MP: 3/3
  1000 | D:1      | Reached skill level 4 in Bows
  1206 | D:1      | Reached XP level 3. HP: 25/29 MP: 4/4
  1354 | D:2      | Noticed Jessica
  1369 | D:2      | Killed Jessica
  1911 | D:2      | Noticed Sigmund
  1932 | D:2      | Slain by Sigmund

Vault maps used:
D:1:      evilmike_arrival_crescent, hangedman_decor_opposing
D:2:      uniq_jessica, uniq_sigmund

Action                   || total
-------------------------++-------
Melee: Unarmed           ||    18
       Short sword       ||    98
 Fire: Shortbow          ||    51
  Eat: Chunk             ||     2
